 Dungeon Crawl Stone Soup version 0.28-a0-1613-gdaab1c2f9b (webtiles) character file.

Game seed: 12310154293898623874

370761 sizableburger the Gelid (level 20, -1/174 HPs)
             Began as a Demigod Conjurer on Jan 20, 2022.
             Succumbed to a green very ugly thing's poison
             ... on level 14 of the Dungeon on Jan 21, 2022.
             The game lasted 05:41:58 (81385 turns).

sizableburger the Gelid (Demigod Conjurer)         Turns: 81385, Time: 05:41:58

Health: -1/174     AC: 17    Str:  8    XL:     20   Next: 80%
Magic:  25/44      EV: 16    Int: 57    God:
Gold:   1773       SH:  0    Dex: 12    Spells: 8/48 levels left

rFire   . . .      SeeInvis .   Z - staff of cold
rCold   + . .      Faith    .   f - orb {mayhem}
rNeg    . . .      Spirit   .   G - +3 robe of Clouds {*Thunder rCloud rElec}
rPois   .          Reflect  .   R - +2 helmet {Int+3}
rElec   +          Harm     .   Q - +2 cloak
rCorr   .          Rampage  .   g - +2 pair of gloves {Stlth+}
Will    ++++.                   y - +0 pair of boots
Stlth   ++++......              a - amulet "Wanoutr Jarch" {RegenMP +Inv rElec Int+4}
HPRegen 0.39/turn               w - +6 ring of intelligence
MPRegen 0.69/turn               v - ring of willpower

@: lethally poisoned (-1 -> -19), unable to drink, studying Poison Magic
A: high mp 1, forlorn, divine attributes, strong-willed 1
}: 2/15 runes: decaying, serpentine
a: Evoke Invisibility


You were on level 14 of the Dungeon.
You visited 7 branches of the dungeon, and saw 37 of its levels.
You also visited: Volcano.

You collected 4855 gold pieces.
You spent 3082 gold pieces at shops.

Inventory:

Hand Weapons
 i - a +5 lajatang of draining
Armour
 f - an orb of mayhem (worn)
 g - a +2 pair of gloves of stealth (worn)
 y - a +0 pair of boots (worn)
 G - the +3 robe of Clouds (worn) {*Thunder rCloud rElec}
   (You took it off a deep elf elementalist on level 3 of the Elven Halls)

   It occasionally creates storm clouds above nearby enemies.
   It grants its wearer immunity to clouds.
   rElec:     It insulates you from electricity.
 Q - a +2 cloak (worn)
 R - a +2 helmet of intelligence (worn)
 W - a scarf of harm
Magical Staves
 D - a staff of conjuration
 L - a staff of air
 Z - a staff of cold (weapon)
Jewellery
 a - the amulet "Wanoutr Jarch" (around neck) {RegenMP +Inv rElec Int+4}
   (You took it off a deep elf knight on level 3 of the Elven Halls)

   [amulet of magic regeneration]

   It increases your rate of magic regeneration.
   Int:       It affects your intelligence (+4).
   rElec:     It insulates you from electricity.
   +Inv:      It lets you turn invisible.
 b - a ring of ice
 c - a ring of resist corrosion
 h - a ring of positive energy
 n - a +6 ring of intelligence
 v - a ring of willpower (right hand)
 w - a +6 ring of intelligence (left hand)
 H - a ring of wizardry
 O - a ring of willpower
 U - a +4 ring of protection
 X - the ring of Fiamikh {rF+ SInv}
   (You found it on level 6 of the Lair of Beasts)

   [ring of see invisible]

   rF:        It protects you from fire.
   SInv:      It lets you see invisible.
Wands
 d - a wand of flame (67)
 q - a wand of iceblast (28)
 u - a wand of charming (17)
 A - a wand of acid (6)
 J - a wand of digging (14)
 K - a wand of polymorph (12)
 P - a wand of paralysis (17)
Scrolls
 e - 4 scrolls of fog
 k - 3 scrolls of magic mapping
 p - a scroll of torment
 s - 7 scrolls of blinking
 x - 6 scrolls of amnesia
 z - 4 scrolls of summoning
 B - 7 scrolls of immolation
 N - 7 scrolls of holy word
 T - 6 scrolls of teleportation
 V - 2 scrolls of vulnerability
Potions
 j - 6 potions of curing
 m - 3 potions of invisibility
 o - 2 potions of resistance
 t - 2 potions of heal wounds
 C - a potion of haste
 E - 11 potions of ambrosia
 F - a potion of magic
 M - 3 potions of brilliance
Miscellaneous
 l - a phantom mirror
 r - a phial of floods
 S - a lightning rod (4/4)
 Y - a box of beasts


   Skills:
 + Level 14.1 Fighting
 - Level 1.0 Long Blades
 - Level 7.0 Staves
 + Level 8.7 Armour
 - Level 11.4 Dodging
 - Level 4.7 Stealth
 - Level 2.5 Shields
 + Level 14.9 Spellcasting
 - Level 8.6 Conjurations
 - Level 6.2 Hexes
 - Level 3.8 Translocations
 - Level 5.5 Transmutations
 + Level 15.7 Ice Magic
 - Level 7.3 Air Magic
 - Level 8.5 Earth Magic
 - Level 11.0 Poison Magic
 - Level 14.7 Evocations


You had 8 spell levels left.
You knew the following spells:

 Your Spells              Type           Power      Damage    Failure   Level
a - Iron Shot             Conj/Erth      48%        9d9       1%          6
b - Searing Ray           Conj           100%       2d8       0%          2
c - Dazzling Flash        Conj/Hex       100%       N/A       1%          3
d - Mephitic Cloud        Conj/Pois/Air  98%        N/A       1%          3
f - Freezing Cloud        Conj/Ice/Air   64%        6-21      1%          5
g - Iskenderun's Mystic   Conj/Tloc      85%        2d17      1%          4
h - Blink                 Tloc           100%       N/A       1%          2
i - Swiftness             Air            91%        N/A       1%          3
j - Ozocubu's Refrigerat  Ice            73%        4d19      1%          7
k - Alistair's Intoxicat  Tmut/Pois      63%        N/A       1%          5

Your spell library contained the following spells:

 Spells                   Type           Power      Damage    Failure   Level
 Freeze                   Ice            100%       1d11      0%          1
 Magic Dart               Conj           100%       1d8       0%          1
 Sandblast                Erth           100%       2d20      0%          1
 Sting                    Tmut/Pois      100%       1d8       0%          1
 Ensorcelled Hibernation  Hex/Ice        100%       N/A       0%          2
 Poisonous Vapours        Pois/Air       100%       N/A       0%          2
 Frozen Ramparts          Ice            100%       1d12      0%          3
 Ozocubu's Armour         Ice            100%       N/A       0%          3
 Animate Skeleton         Necr           84%        N/A       1%          1
 Apportation              Tloc           100%       N/A       1%          1
 Foxfire                  Conj/Fire      100%       2x1d9     1%          1
 Pain                     Necr           100%       1d9       1%          1
 Slow                     Hex            100%       N/A       1%          1
 Summon Small Mammal      Summ           100%       N/A       1%          1
 Call Imp                 Summ           42%        N/A       1%          2
 Corpse Rot               Necr/Air       100%       N/A       1%          2
 Passwall                 Tmut/Erth      74%        N/A       1%          2
 Scorch                   Fire           84%        2d9       1%          2
 Static Discharge         Conj/Air       93%        N/A       1%          2
 Call Canine Familiar     Summ           42%        N/A       1%          3
 Confusing Touch          Hex            85%        N/A       1%          3
 Conjure Flame            Conj/Fire      75%        6-21      1%          3
 Inner Flame              Hex/Fire       68%        N/A       1%          3
 Lesser Beckoning         Tloc           72%        N/A       1%          3
 Portal Projectile        Hex/Tloc       100%       N/A       1%          3
 Spider Form              Tmut/Pois      95%        N/A       1%          3
 Stone Arrow              Conj/Erth      100%       3d13      1%          3
 Summon Guardian Golem    Hex/Summ       68%        N/A       1%          3
 Tukima's Dance           Hex            85%        N/A       1%          3
 Vampiric Draining        Necr           42%        2d9       1%          3
 Anguish                  Hex/Necr       34%        N/A       1%          4
 Animate Armour           Summ/Erth      100%       N/A       1%          4
 Flame Wave               Conj/Fire      75%        2d13      1%          4
 Fulminant Prism          Conj/Hex       45%        3d21      1%          4
 Hailstorm                Conj/Ice       100%       3d20      1%          4
 Leda's Liquefaction      Hex/Erth       45%        N/A       1%          4
 Passage of Golubria      Tloc           72%        N/A       1%          4
 Petrify                  Tmut/Erth      89%        N/A       1%          4
 Sticky Flame             Conj/Fire      75%        2d9       1%          4
 Blade Hands              Tmut           41%        N/A       1%          5
 Borgnjor's Vile Clutch   Necr/Erth      37%        N/A       1%          5
 Lee's Rapid Deconstruct  Erth           48%        3d24*     1%          5
 Manifold Assault         Tloc           72%        N/A       1%          5
 Silence                  Hex/Air        44%        N/A       1%          5
 Yara's Violent Unravell  Hex/Tmut       42%        3d17      1%          5
 Conjure Ball Lightning   Conj/Air       46%        3x3d16    1%          6
 Simulacrum               Ice/Necr       57%        N/A       1%          6
 Statue Form              Tmut/Erth      59%        N/A       2%          6
 Dispel Undead            Necr           42%        3d17      3%          4
 Starburst                Conj/Fire      37%        6d11      9%          6
 Agony                    Necr           42%        N/A       10%         5
 Excruciating Wounds      Necr           21%        N/A       10%         5
 Storm Form               Tmut/Air       43%        N/A       21%         7
 Death Channel            Necr           21%        N/A       45%         6
 Summon Cactus Giant      Summ           21%        N/A       45%         6
 Lehudib's Crystal Spear  Conj/Erth      48%        10d11     54%         8
 Malign Gateway           Summ/Tloc      29%        N/A       77%         7
 Discord                  Hex            42%        N/A       86%         8
 Disjunction              Tloc           36%        N/A       99%         8
 Summon Horrible Things   Summ           21%        N/A       100%        8
 Polar Vortex             Ice            73%        N/A       45%         9


Dungeon Overview and Level Annotations

Branches:
Dungeon (14/15)            Temple (0/1) D:5            Lair (6/6) D:8
  Swamp (4/4) Lair:4        Snake (4/4) Lair:2        Slime (0/5) Lair:6
    Orc (2/2) D:11            Elf (3/3) Orc:2        Vaults (4/5) D:13
  Crypt (0/3) Vaults:3    Volcano (visited)

Shops:
D:12 ?   Orc:2 (*!?   Elf:1 !   Snake:4 *[   Vaults:2 [   Vaults:3 !
Vaults:4 (*:*

Annotations:
D:5 2 runed translucent doors, issech's ghost, novice TrFi


Innate Abilities, Weirdness & Mutations

You have an increased reservoir of magic. (+10% MP)
You shall have no god before yourself.
Your divine heritage dramatically boosts your attributes as you level up.
You are strong-willed. (Will+)


Message History

You feel extremely sick.
The green very ugly thing is struck by lightning.
You kill the green very ugly thing!
The skeletal warrior flies into a frenzy!
The skeletal warrior hits you with a +0 short sword.
Casting: Ozocubu's Refrigeration (mildly dangerous; 1% risk of failure)
Confirm with . or Enter, or press ? or * to list all spells.
You feel a surge of power!
The heat is drained from your surroundings.
You feel very cold.
The skeletal warrior is frozen.
The skeletal warrior resists.
You destroy the skeletal warrior!
You feel extremely sick.
There is a lethal amount of poison in your body!
There is a lethal amount of poison in your body!
You cannot drink potions in your current state!
You cannot drink potions in your current state!
You feel extremely sick.
* * * LOW HITPOINT WARNING * * *
You feel extremely sick.
Okay, then.
* * * LOW HITPOINT WARNING * * *
You feel extremely sick.
You cannot drink potions in your current state!
Okay, then.
You cannot drink potions in your current state!
Okay, then.
* * * LOW HITPOINT WARNING * * *
You feel extremely sick.
* * * LOW HITPOINT WARNING * * *
You feel extremely sick.
You cannot drink potions in your current state!
* * * LOW HITPOINT WARNING * * *
You feel extremely sick.
* * * LOW HITPOINT WARNING * * *
You feel very sick.
Blink to where?
Press: ? - help, Dir - move target
As you read the scroll of blinking, it crumbles to dust.
You die...

#......# #.##..†...# ##
#.#.#.## #.##.#.##.# .#
#.#.#.# #.##.#†##.# .#
#.#.#'####.##..†...# .#
#.#..(>....####.####
'###.#.....#### #.#
...'........#* ##.##
'###.........####...## .#
#.........'..@....# .#
#.........####'#### .#
#........##.......## ##
#.#.....##....♣....##
#..#...##....♣♣♣§...#*
####......#....♣.♣.♣....#
.....###..#...♣*♣.♣♣♣...#
##..##....#..♣,♣†)†♣,♣..#
##.##....#.♣*♣...(.♣*♣.#


There were no monsters in sight!

Vanquished Creatures
  A shard shrike (shapeshifter) (Elf:3)
  Mlioglotl (Swamp:2)
  3 deep elf blademasters (Elf:3)
  4 deep elf master archers
  The ghost of Cifurakhle the Executioner, an adept MiBe of Trog (Snake:4)
  A sphinx (Vaults:2)
  Frances (D:14)
  The ghost of tnk the Unspoiled, an adept HOFi of Qazlal (Swamp:2)
  The ghost of Ammimmimomm the Spry, an adept MfGl of Trog (Snake:1)
  Donald (Elf:2)
  10 nagarajas (Snake:4)
  Roxanne (Elf:1)
  3 orc warlords
  Louise (Elf:3)
  8 vault wardens
  A curse skull (Vaults:3)
  8 deep elf sorcerers
  2 ghouls
  2 deep elf elementalists
  Aizul (Swamp:4)
  12 ironbound preservers
  2 ironbound thunderhulks
  2 stone giants (Orc:2)
  12 very ugly things
  4 eleionomae
  5 dire elephants
  An entropy weaver (Vaults:2)
  6 deep elf demonologists
  8 deep elf annihilators
  Azrael (D:12)
  6 bunyips
  A bunyip (shapeshifter) (Elf:1)
  A spark wasp (Swamp:2)
  An ettin (Vaults:4)
  6 deep elf death magi
  The ghost of Vuyfoezo the Carver, a journeyman FoFi of Fedhas (Orc:1)
  A jiangshi (Vaults:3)
  A shambling mangrove (Swamp:4)
  8 yaktaur captains
  4 deep elf high priests
  5 great orbs of eyes
  2 salamander tyrants
  7 vault guards
  18 naga warriors
  24 hydras
  Harold (Lair:2)
  2 ogre magi (Orc:2)
  3 ironbound frosthearts
  A radroach (shapeshifter) (Vaults:3)
  8 alligators
  5 boulder beetles
  23 dancing weapons
  15 two-headed ogres
  7 anacondas
  3 death yaks
  12 centaur warriors
  2 orc high priests
  A tengu warrior (D:14)
  6 shock serpents
  20 deep elf knights
  12 naga sharpshooters
  A fire crab (Lair:4)
  6 salamander mystics
  A skeletal warrior (D:14)
  6 goliath frogs
  3 sea snakes (Snake:3)
  30 deep trolls
  4 naga ritualists
  3 spriggan druids
  9 swamp dragons
  A glowing orange brain (Vaults:4)
  2 spriggan simulacra (D:14)
  7 bog bodies
  7 orc knights
  11 ironbound convokers
  11 wizards
  10 deep elf archers
  11 lindwurms
  A human zombie (Vaults:2)
  23 deep elf zephyrmancers
  16 harpies
  7 mana vipers
  28 deep elf pyromancers
  2 necromancers
  4 orc sorcerers
  3 manticores
  5 will-o-the-wisps
  31 ugly things
  3 cyclopes
  42 salamanders
  32 slime creatures
  A moth of wrath (Snake:4)
  2 oklob plants
  11 elephants
  3 guardian serpents
  30 black mambas
  Joseph (Lair:1)
  18 vault sentinels
  12 naga magi
  A smoke demon (Volcano)
  5 torpor snails
  2 molten gargoyles (Volcano)
  A guardian serpent (shapeshifter) (Elf:3)
  10 cane toads
  3 rime drakes
  2 unseen horrors
  A gargoyle (D:11)
  A yaktaur zombie (Vaults:2)
  An anaconda simulacrum (D:14)
  4 komodo dragons
  2 tengu conjurers (D:14)
  An entropy weaver simulacrum (D:14)
  41 yaktaurs
  12 trolls
  4 tyrant leeches
  A bloated husk (Swamp:2)
  7 polar bears
  8 hornets
  3 meliai (D:13)
  A queen bee (D:13)
  A hornet (shapeshifter) (D:14)
  9 dream sheep
  10 blink frogs
  A vampire (D:8)
  A human simulacrum (Vaults:2)
  Sigmund (D:5)
  3 air elementals
  A shadow (D:11)
  4 wraiths
  A culicivora (Vaults:2)
  16 spriggans
  5 water elementals
  6 wyverns
  An elf zombie (Vaults:2)
  6 fire bats (Volcano)
  10 fire elementals
  22 humans (D:13)
  2 steam dragons (D:11)
  3 basilisks
  45 yaks
  A redback (Vaults:2)
  26 vampire mosquitoes
  A minotaur simulacrum (D:14)
  6 wargs
  17 swamp worms
  44 nagas
  7 hell hounds
  15 water moccasins
  5 black bears
  30 orc warriors
  5 sky beasts
  13 swamp drakes
  A swamp drake (shapeshifter) (Vaults:4)
  An ice beast (D:8)
  28 ogres
  An alligator simulacrum (D:14)
  5 necrophages
  42 wolves
  8 boggarts
  9 centaurs
  A phantom (D:5)
  2 kobold brigands
  2 earth elementals
  14 bullfrogs
  A deep troll simulacrum (D:14)
  2 gnoll sergeants
  2 scorpions
  A wyvern skeleton (D:7)
  A water moccasin skeleton (D:6)
  21 killer bees
  18 wights
  5 electric eels
  6 howler monkeys
  A bullfrog zombie (D:5)
  6 lava snakes (Volcano)
  4 centaur zombies
  7 hounds
  19 orc priests
  2 jellies (D:4)
  A bullfrog skeleton (D:5)
  2 centaur skeletons (D:6)
  3 iguanas
  Natasha (twice) (D:3)
  31 orc wizards
  4 hell rats (Lair:6)
  A hound zombie (D:5)
  A hound skeleton (D:4)
  2 howler monkey zombies
  Robin (D:2)
  11 gnolls
  9 adders
  A shadow imp (D:7)
  A white imp (D:6)
  A worm (D:2)
  3 dart slugs
  85 orcs
  10 ball pythons
  3 endoplasms
  2 giant cockroaches (D:1)
  10 hobgoblins
  2 jackals (D:1)
  18 kobolds
  4 quokkas
  4 bats
  2 frilled lizards
  14 goblins
  2 rats
  A bush (Lair:6)
  2 starspawn tentacles (Swamp:2)
1582 creatures vanquished.

Vanquished Creatures (collateral kills)
  A sphinx (Vaults:4)
  A vault warden (Vaults:3)
  A dire elephant (Vaults:1)
  A yaktaur captain (Vaults:3)
  A hydra (Swamp:4)
  A naga warrior (Snake:4)
  A dancing weapon (Elf:2)
  2 naga sharpshooters
  A hell knight (Vaults:4)
  A salamander mystic (Snake:4)
  A goliath frog (Swamp:4)
  3 deep trolls
  A deep elf archer (Elf:3)
  A naga ritualist (Snake:1)
  A deep elf pyromancer (Elf:1)
  An ironbound convoker (Vaults:3)
  An ugly thing (Vaults:3)
  2 salamanders
  A black mamba (Snake:4)
  2 vault sentinels
  A guardian serpent (Snake:4)
  A yaktaur (Vaults:3)
  2 tyrant leeches (Swamp:4)
  2 slime creatures
  A wraith (Vaults:3)
  5 nagas
37 creatures vanquished.

Vanquished Creatures (others)
  A deep elf sorcerer (Elf:3)
  A vault warden (Vaults:4)
  A naga warrior (Snake:4)
  A centaur warrior (Vaults:1)
  2 anacondas
  An ironbound frostheart (Vaults:4)
  A deep troll (Vaults:3)
  A lindwurm (Vaults:2)
  3 deep elf zephyrmancers
  A deep elf pyromancer (Elf:1)
  A salamander (Snake:3)
  A guardian serpent (Snake:4)
  A naga mage (Snake:2)
  A yaktaur (Vaults:2)
  2 bloated husks (Swamp:1)
  A swamp drake (Swamp:4)
  A bush (Lair:2)
  18 foxfires
  76 fulminant prisms
  58 fungi
  85 plants
258 creatures vanquished.

Grand Total: 1877 creatures vanquished

Notes
Turn   | Place    | Note
-------+----------+-------------------------------------------
     0 | D:1      | sizableburger the Demigod Conjurer began the quest for the
                  | Orb.
     0 | D:1      | Reached XP level 1. HP: 14/14 MP: 5/5
   515 | D:1      | Reached XP level 2. HP: 19/20 MP: 2/7
   563 | D:1      | Learned a level 2 spell: Searing Ray
  1077 | D:2      | Reached skill level 1 in Fighting
  1077 | D:2      | Reached XP level 3. HP: 18/28 MP: 3/9
  1219 | D:2      | Learned a level 3 spell: Dazzling Flash
  1307 | D:2      | Reached skill level 1 in Long Blades
  1475 | D:2      | Reached XP level 4. HP: 21/35 MP: 2/10
  1688 | D:2      | Noticed Robin
  1720 | D:2      | Killed Robin
  1818 | D:2      | Reached skill level 1 in Hexes
  2673 | D:3      | Reached skill level 1 in Staves
  2673 | D:3      | Reached XP level 5. HP: 41/41 MP: 7/12
  3475 | D:3      | Noticed Natasha
  3481 | D:3      | Killed Natasha
  3556 | D:3      | Noticed Natasha
  3570 | D:3      | Killed Natasha
  4005 | D:4      | Noticed an ogre
  4012 | D:4      | Killed an ogre
  4013 | D:4      | Reached skill level 1 in Evocations
  4013 | D:4      | Reached XP level 6. HP: 49/49 MP: 5/13
  4017 | D:4      | Learned a level 3 spell: Mephitic Cloud
  4523 | D:5      | Entered Level 5 of the Dungeon
  4697 | D:4      | Identified the +7 hunting sling of the Lettuce {flame,
                  | Fragile Str+6}
  5237 | D:4      | Reached skill level 1 in Air Magic
  5237 | D:4      | Reached skill level 1 in Poison Magic
  5443 | D:5      | Got the Volume of Transmutation
  5569 | D:5      | Reached XP level 7. HP: 45/57 MP: 8/15
  5624 | D:5      | Learned a level 4 spell: Fulminant Prism
  5633 | D:5      | Found a staircase to the Ecumenical Temple.
  5888 | D:5      | Noticed Sigmund
  5901 | D:5      | Killed Sigmund
  6229 | D:5      | Found a runed translucent door.
  6239 | D:5      | Noticed issech's ghost (novice TrFi)
  7228 | D:5      | Reached XP level 8. HP: 51/66 MP: 9/18
  7409 | D:5      | Found a runed translucent door.
  8844 | D:6      | Reached skill level 5 in Spellcasting
  9017 | D:6      | Reached skill level 1 in Ice Magic
  9238 | D:6      | Reached skill level 5 in Fighting
 10067 | D:7      | Reached skill level 2 in Ice Magic
 10221 | D:7      | Reached skill level 5 in Conjurations
 10221 | D:7      | Reached XP level 9. HP: 61/73 MP: 8/20
 10231 | D:7      | Learned a level 5 spell: Freezing Cloud
 10811 | D:7      | Reached skill level 3 in Ice Magic
 11084 | D:8      | Noticed a two-headed ogre
 11099 | D:8      | Killed a two-headed ogre
 11100 | D:8      | Reached skill level 4 in Ice Magic
 11727 | D:8      | Reached skill level 5 in Air Magic
 11896 | D:8      | Found a staircase to the Lair.
 11924 | D:8      | Reached XP level 10. HP: 37/81 MP: 1/21
 11926 | D:8      | Reached skill level 5 in Ice Magic
 12453 | D:8      | Identified the +10 plate armour "Nitzab" {Harm}
 12635 | Lair:1   | Entered Level 1 of the Lair of Beasts
 12642 | Lair:1   | Noticed Joseph
 12783 | Lair:1   | Killed Joseph
 13200 | Lair:1   | Noticed a seven-headed hydra
 13735 | Lair:1   | Killed a seven-headed hydra
 14146 | Lair:1   | Reached skill level 5 in Evocations
 14284 | Lair:2   | Noticed Harold
 14295 | Lair:2   | Killed Harold
 14551 | Lair:2   | Noticed a torpor snail
 14557 | Lair:2   | Killed a torpor snail
 15062 | Lair:2   | Reached XP level 11. HP: 86/90 MP: 13/24
 15211 | Lair:2   | Found a staircase to the Snake Pit.
 15257 | Lair:2   | Learned a level 4 spell: Iskenderun's Mystic Blast
 15586 | Lair:2   | Identified the +1 rapier "Newtslayer" {flame, Int+7 Dex-4}
 15886 | Lair:3   | Reached skill level 5 in Dodging
 16027 | Lair:3   | Found a dark tunnel.
 16032 | Volcano  | Entered a volcano
 18243 | Lair:4   | Found a staircase to the Swamp.
 18244 | Lair:4   | Noticed a bog body
 18253 | Lair:4   | Killed a bog body
 18457 | Lair:4   | Reached XP level 12. HP: 64/101 MP: 19/27
 18789 | Lair:4   | Reached skill level 1 in Armour
 18789 | Lair:4   | Reached skill level 5 in Hexes
 18789 | Lair:4   | Reached skill level 6 in Ice Magic
 19040 | Lair:4   | Noticed a seven-headed hydra
 19047 | Lair:4   | Killed a seven-headed hydra
 19623 | Lair:4   | Noticed a four-headed hydra
 19970 | Lair:4   | Killed a four-headed hydra
 20277 | Lair:4   | Reached skill level 7 in Ice Magic
 20376 | Lair:4   | Identified the +5 hand crossbow of sizableburger's Death
                  | {penet, Drain +Blink Int+4 Dex+7}
 20428 | Lair:4   | Noticed a dire elephant
 20450 | Lair:4   | Killed a dire elephant
 20876 | Lair:5   | Noticed a four-headed hydra
 20884 | Lair:5   | Killed a four-headed hydra
 20934 | Lair:5   | Reached skill level 1 in Translocations
 22026 | Lair:5   | Reached XP level 13. HP: 107/107 MP: 19/28
 22350 | Lair:6   | Entered Level 6 of the Lair of Beasts
 22953 | Lair:6   | Reached skill level 5 in Armour
 23566 | Lair:6   | Learned a level 2 spell: Blink
 24464 | Lair:6   | Reached skill level 10 in Evocations
 26114 | Lair:6   | Found a staircase to the Slime Pits.
 26519 | Lair:6   | Identified the ring of Fiamikh {rF+ SInv}
 26522 | Lair:6   | Identified the +4 broad axe of Oxzuofre {elec, rElec Will+}
 27988 | D:10     | Entered Level 10 of the Dungeon
 28317 | D:10     | Reached XP level 14. HP: 114/118 MP: 17/31
 30762 | D:11     | Found a staircase to the Orcish Mines.
 31460 | D:11     | Learned a level 3 spell: Swiftness
 31619 | Orc:1    | Entered Level 1 of the Orcish Mines
 31988 | Orc:1    | Reached skill level 1 in Earth Magic
 32796 | Orc:1    | Found a runed translucent door.
 32798 | Orc:1    | Noticed Vuyfoezo's ghost (journeyman FoFi)
 32819 | Orc:1    | Killed Vuyfoezo's ghost
 33104 | Orc:1    | Noticed an orc warlord
 33268 | Orc:1    | Killed an orc warlord
 33581 | Orc:2    | Entered Level 2 of the Orcish Mines
 33871 | Orc:2    | Found a staircase to the Elven Halls.
 34431 | Orc:2    | Found Xamarghi's Magic Scroll Shoppe.
 34665 | Orc:2    | Reached skill level 5 in Staves
 34942 | Orc:2    | Found Pyllocre's Distillery.
 34947 | Orc:2    | Found Boam's General Store.
 34949 | Orc:2    | Bought a scroll of blinking for 112 gold pieces
 35010 | Orc:2    | Found Avips's Antique Weapon Shoppe.
 35157 | Elf:1    | Entered Level 1 of the Elven Halls
 35487 | Orc:2    | Bought a potion of haste for 140 gold pieces
 35487 | Orc:2    | Bought a potion of heal wounds for 70 gold pieces
 35487 | Orc:2    | Bought a potion of might for 56 gold pieces
 35487 | Orc:2    | Bought 2 potions of invisibility for 224 gold pieces
 35487 | Orc:2    | Bought a potion of mutation for 112 gold pieces
 35487 | Orc:2    | Gained mutation: You tend to lose your temper in combat.
                  | [potion of mutation]
 35487 | Orc:2    | Gained mutation: You often lose your temper in combat.
                  | [potion of mutation]
 35488 | Orc:2    | Lost mutation: You often lose your temper in combat.
                  | [potion of mutation]
 35488 | Orc:2    | Lost mutation: You tend to lose your temper in combat.
                  | [potion of mutation]
 35488 | Orc:2    | Gained mutation: You are agile. (Dex +2) [potion of
                  | mutation]
 35488 | Orc:2    | Gained mutation: Your mind is acute. (Int +2) [potion of
                  | mutation]
 35488 | Orc:2    | Gained mutation: You have large cloven feet. [potion of
                  | mutation]
 35489 | Orc:2    | Lost mutation: You are agile. (Dex +2) [potion of mutation]
 35489 | Orc:2    | Lost mutation: Your mind is acute. (Int +2) [potion of
                  | mutation]
 35489 | Orc:2    | Gained mutation: You occasionally shout uncontrollably at
                  | your foes. [potion of mutation]
 35490 | Orc:2    | Lost mutation: You occasionally shout uncontrollably at
                  | your foes. [potion of mutation]
 35490 | Orc:2    | Lost mutation: You have large cloven feet. [potion of
                  | mutation]
 35490 | Orc:2    | Gained mutation: Your flesh is heat resistant. (rF+)
                  | [potion of mutation]
 35491 | Orc:2    | Lost mutation: Your flesh is heat resistant. (rF+) [potion
                  | of mutation]
 35491 | Orc:2    | Gained mutation: You are strong-willed. (Will+) [potion of
                  | mutation]
 35699 | D:12     | Noticed Azrael
 35709 | D:12     | Killed Azrael
 36030 | D:12     | Found Ufurion's Magic Scroll Boutique.
 36038 | D:12     | Bought a scroll of summoning for 104 gold pieces
 36986 | D:13     | Reached XP level 15. HP: 121/124 MP: 28/33
 37950 | D:13     | Reached skill level 10 in Spellcasting
 38511 | D:13     | Found a gate to the Vaults.
 38872 | D:14     | Found a frozen archway.
 39494 | Swamp:1  | Entered Level 1 of the Swamp
 40452 | Swamp:2  | Noticed Mlioglotl
 40824 | Swamp:2  | Noticed a tentacled starspawn
 40828 | Swamp:2  | Killed Mlioglotl
 41671 | Swamp:2  | Noticed tnk's ghost (adept HOFi)
 41671 | Swamp:2  | Found a runed translucent door.
 41797 | Swamp:2  | Reached skill level 1 in Shields
 41803 | Swamp:2  | Reached skill level 8 in Ice Magic
 42476 | Swamp:2  | Killed tnk's ghost
 43877 | Swamp:4  | Entered Level 4 of the Swamp
 44093 | Swamp:4  | Reached XP level 16. HP: 104/132 MP: 22/36
 44459 | Swamp:4  | Reached skill level 9 in Ice Magic
 45528 | Swamp:4  | Got a decaying rune of Zot
 45916 | Swamp:4  | Identified the +9 battleaxe of Mylecug {flame, Str+4}
 46112 | Swamp:4  | Noticed Aizul
 46123 | Swamp:4  | Killed Aizul
 46239 | Swamp:4  | Upgraded the game from 0.28-a0-1594-ga885d4b3d6 to
                  | 0.28-a0-1613-gdaab1c2f9b
 46372 | Snake:1  | Entered Level 1 of the Snake Pit
 46382 | Snake:1  | Reached skill level 10 in Fighting
 46750 | Snake:1  | Learned a level 7 spell: Ozocubu's Refrigeration
 47837 | Snake:1  | Found a runed translucent door.
 47841 | Snake:1  | Noticed Ammimmimomm's ghost (adept MfGl)
 49084 | Snake:2  | Reached skill level 10 in Ice Magic
 49315 | Snake:2  | HP: 1/135 [naga sharpshooter/bolt (10)]
 49320 | Snake:1  | HP: 1/135 [poisoned by a naga sharpshooter (splash of
                  | poison)]
 51305 | Snake:3  | Reached XP level 17. HP: 82/141 MP: 14/38
 51670 | Snake:2  | Learned a level 5 spell: Alistair's Intoxication
 52388 | Snake:3  | Reached skill level 1 in Transmutations
 53030 | Snake:4  | Entered Level 4 of the Snake Pit
 53375 | Snake:4  | Found Ioveugog's Incredible Inventory.
 53381 | Snake:4  | Found Ymen Woe's Antique Armour Emporium.
 53535 | Snake:4  | Bought a manual of Ice Magic for 1360 gold pieces
 53535 | Snake:4  | Bought a book of Iron for 612 gold pieces
 53544 | Snake:4  | Learned a level 6 spell: Iron Shot
 53749 | Snake:4  | Found a transporter.
 53758 | Snake:4  | Noticed Cifurakhle's ghost (adept MiBe)
 53762 | Snake:4  | Found a transporter.
 53959 | Snake:4  | Reached skill level 11 in Ice Magic
 54024 | Snake:4  | HP: 7/141 [salamander (15)]
 54356 | Snake:4  | Killed Cifurakhle's ghost
 54493 | Snake:4  | Identified the +1 pearl dragon scales "Afus" {rPois rN+}
 54905 | Snake:4  | Reached skill level 5 in Poison Magic
 56795 | Snake:4  | Reached skill level 12 in Ice Magic
 57226 | Snake:4  | Reached skill level 5 in Earth Magic
 57982 | Snake:4  | Got a serpentine rune of Zot
 58152 | Snake:1  | Killed Ammimmimomm's ghost
 58395 | Snake:4  | Bought a pair of embroidered gloves for 180 gold pieces
 59684 | Elf:1    | Found a huge runed gate.
 59684 | Elf:1    | Found a huge runed gate.
 59684 | Elf:1    | Found a huge runed gate.
 59684 | Elf:1    | Found a huge runed gate.
 59684 | Elf:1    | Found a huge runed gate.
 59686 | Elf:1    | Found a huge runed gate.
 59686 | Elf:1    | Found a huge runed gate.
 59687 | Elf:1    | Found a huge runed gate.
 59687 | Elf:1    | Found a huge runed gate.
 59688 | Elf:1    | Found a huge runed gate.
 59701 | Elf:1    | Found a huge runed gate.
 59701 | Elf:1    | Found a huge runed gate.
 59701 | Elf:1    | Found a huge runed gate.
 59701 | Elf:1    | Found a huge runed gate.
 59702 | Elf:1    | Found a huge runed gate.
 59703 | Elf:1    | Found a huge runed gate.
 59704 | Elf:1    | Found a huge runed gate.
 59705 | Elf:1    | Found a huge runed gate.
 59706 | Elf:1    | Found a huge runed gate.
 60653 | Elf:1    | Reached XP level 18. HP: 141/149 MP: 22/39
 60826 | Elf:1    | Identified Roxanne's Disquisition on Stones
 60826 | Elf:1    | Noticed Roxanne
 61404 | Elf:1    | Found a huge runed gate.
 61404 | Elf:1    | Found a huge runed gate.
 61404 | Elf:1    | Found a huge runed gate.
 61404 | Elf:1    | Found a huge runed gate.
 61404 | Elf:1    | Found a huge runed gate.
 61405 | Elf:1    | Found a huge runed gate.
 61405 | Elf:1    | Found a huge runed gate.
 61405 | Elf:1    | Found a huge runed gate.
 61406 | Elf:1    | Found a huge runed gate.
 61590 | Elf:1    | Found a huge runed gate.
 61590 | Elf:1    | Found a huge runed gate.
 61590 | Elf:1    | Found a huge runed gate.
 61590 | Elf:1    | Found a huge runed gate.
 61590 | Elf:1    | Found a huge runed gate.
 61590 | Elf:1    | Found a huge runed gate.
 61591 | Elf:1    | Found a huge runed gate.
 61592 | Elf:1    | Found a huge runed gate.
 61667 | Elf:1    | Found Suv Anif's Distillery.
 62075 | Elf:1    | Killed Roxanne
 62388 | Elf:1    | Paralysed by an air elemental for 1 turns
 62916 | Elf:2    | Found a runed translucent gate.
 62916 | Elf:2    | Found a runed translucent gate.
 62927 | Elf:2    | Found a runed translucent gate.
 63171 | Elf:2    | Noticed Donald
 63376 | Elf:2    | Killed Donald
 65609 | Elf:3    | Entered Level 3 of the Elven Halls
 65916 | Elf:3    | Noticed Louise
 65922 | Elf:3    | Killed Louise
 66170 | Elf:3    | Identified the +2 whip of Spontaneous Combustion {drain,
                  | Str+4 Dex+5}
 66719 | Elf:3    | Identified the +3 short sword "Apseown" {protect, rPois
                  | Str-2 Int+5}
 66875 | Elf:3    | Identified the amulet "Wanoutr Jarch" {RegenMP +Inv rElec
                  | Int+4}
 67716 | Elf:3    | Reached skill level 5 in Transmutations
 68118 | Elf:3    | Identified the +7 spear of the Bouncing Portals {venom,
                  | rPois Will- Dex+3}
 68179 | Elf:3    | Reached XP level 19. HP: 102/159 MP: 34/41
 68387 | Elf:3    | Noticed a golden dragon
 68749 | Elf:3    | Noticed a shard shrike
 68753 | Elf:3    | Killed a shard shrike
 68835 | Elf:3    | Identified the +7 fire dragon scales "Ziaraw" {rF++ rC-
                  | Will+ Regen+}
 69113 | Elf:3    | Identified the +5 hand axe "Undertaker" {flame, rElec Will+
                  | Str-3}
 69158 | Elf:3    | Identified the +3 barding of Fedhas's Supremacy {rN++ Str-4
                  | Int+2}
 71698 | Vaults:1 | Entered Level 1 of the Vaults
 72653 | Vaults:1 | Reached skill level 13 in Ice Magic
 72665 | Vaults:1 | Identified the ring "Rentusoj" {+Blink rF+ Will- Dex+4}
 73323 | Vaults:1 | Reached skill level 10 in Poison Magic
 74214 | Vaults:2 | Identified the +7 great sword "Tuikhlaw" {flame, *Noise
                  | rElec Str+6}
 74256 | Vaults:2 | You fall into a shaft and drop 1 floor!
 74384 | Vaults:3 | Reached skill level 14 in Ice Magic
 74685 | Vaults:2 | Reached skill level 10 in Dodging
 74929 | Vaults:2 | Found Jocijez's Antique Armour Shoppe.
 75665 | Vaults:2 | Reached XP level 20. HP: 136/171 MP: 16/43
 76394 | Vaults:3 | Found Meeshah's Distillery.
 76993 | Vaults:3 | Reached skill level 15 in Ice Magic
 77376 | Vaults:3 | Identified the +4 quick blade "Newtbane" {distort, rC+
                  | Will- Dex+2}
 77770 | Vaults:3 | Found a staircase to the Crypt.
 79440 | Vaults:4 | Found Taibb's General Store.
 79448 | Vaults:4 | Bought a scroll of blinking for 112 gold pieces
 79450 | Vaults:4 | Found Uzakaocs's Weapon Shop.
 79734 | Vaults:4 | Found Zuatz's Book Boutique.
 79788 | Vaults:4 | Found Taxoecoc's Assorted Antiques.
 79838 | Vaults:4 | Identified a scroll of acquirement
 79847 | Vaults:4 | Acquired a staff of cold
 81094 | D:14     | Noticed Frances
 81099 | D:14     | Killed Frances
 81200 | D:14     | Identified the ring "Pifa" {rPois rC+ Str-5 Int+3 SInv}
 81384 | D:14     | HP: 4/174 [poisoned by a green very ugly thing]
 81385 | D:14     | Succumbed to a green very ugly thing's poison

Illustrated notes

Levels and vault maps discovered:
D:1:      dpeg_arrival_tiny_f, layout_rooms,
          hellmonk_ecumenical_altar_defaced_shrine, minmay_crystal_water
D:2:      layout_loops_cross, basic_altar, uniq_robin
D:3:      layout_basic, pdpol_wu_jian_five_deadly_venoms, xom_teletrap_fun,
          st_stairs_13, uniq_natasha
D:4:      layout_loops_ring, mainiacjoe_overflow_brackets,
          amethyst_overflow_temple_binary
D:5:      layout_basic, temple_fountains, ebering_ghost_sewer_f,
          chequers_serial_rivers_micro_b, minmay_misc_feat_ornament,
          cheibrodos_gnoll_hut, uniq_sigmund
D:6:      layout_basic, bloody_trog, serial_corexii_hall,
          corexii_hall_statues_l, chequers_hall_statues_y
D:7:      layout_loops_ring
D:8:      layout_loops_ring, led_sif_book, erik_lair_orcish_takeover
D:9:      layout_loops_cross, old_standard_altar, tso_metal_star,
          roderic_lattice_a
D:10:     layout_long_grid, lemuel_round_altar, nzn_hepliaklqana_mist_gate,
          hellmonk_bongcloud_opening
D:11:     layout_long_grid, erik_orc_2, hangedman_misty_isle
D:12:     layout_stronghold, serial_shops, shop_statue, solitary_fountain,
          uniq_azrael
D:13:     layout_loops_ring, grunt_vaults_entry_tiered, serial_glass,
          glass_columns_a, glass_columns_b, special_room [special_room_bee]
D:14:     layout_loops_corners, minmay_door_square,
          portal_ice_cave_entry_ice_simulacra, kennysheep_inner_square,
          uniq_frances
Lair:1:   layout_concentric_octagons, uniq_joseph
Lair:2:   layout_long_grid, guppyfry_snake_entry_island, serial_bayou_lake_a,
          uniq_harold
Lair:3:   layout_regular_city, enter_volcano_4, grunt_megastairs_1
Lair:4:   nzn_winding_woodlands_huge [nzn_winding_woodlands_5x15_lazy_stream,
          nzn_winding_woodlands_5x15_sawtooth, nzn_winding_woodlands_5x15_cabin,
          nzn_winding_woodlands_5x15_split_checker,
          nzn_winding_woodlands_5x15_default,
          nzn_winding_woodlands_5x15_sidewinder,
          nzn_winding_woodlands_5x15_pathside_ponds,
          nzn_winding_woodlands_5x15_parted, nzn_winding_woodlands_5x15_zeroes,
          nzn_winding_woodlands_5x15_jagged,
          nzn_winding_woodlands_center_pierced_h,
          nzn_winding_woodlands_center_diamonds,
          nzn_winding_woodlands_15x15_eel_pit], layout_misc_corridors,
          skrybe_swamp_entry_bodies
Lair:5:   layout_misc_corridors, beast_lair_carwin_7
Lair:6:   minmay_lair_end_enchanted_forest, layout_hall_layers,
          dpeg_slime_entry_enclosed_altar, chequers_serial_rivers_micro_e,
          minmay_lair_oklob_items
Swamp:1:  layout_basic_swamp, nicolae_swamp_bean_lake, swamp_pool5
Swamp:2:  layout_basic_swamp, ebering_ghost_reflecting_pool,
          evilmike_swamp_ruin_wall, swamp_pool2, nicolae_swamp_catching_bugs,
          uniq_mlioglotl
Swamp:3:  layout_basic_swamp, hangedman_swamp_ruin_hall, swamp_pool5,
          infiniplex_staircase_pool
Swamp:4:  swamp, layout_basic_swamp, swamp_pool5, uniq_aizul
Snake:1:  layout_onion, ebering_ghost_reflecting_pool, basic_altar
Snake:2:  layout_onion, nicolae_coiled_stairwell_up
Snake:3:  layout_misc_corridors, nicolae_snake_salamander_zone,
          serial_bayou_shore_a
Snake:4:  minmay_snake_end_coiled, layout_layer_cave,
          gammafunk_ghost_wrathful_warriors, serial_shops, shop,
          nicolae_alphabet_shops
Orc:1:    layout_caves, gammafunk_ghost_grave, nicolae_orc_lava_tube
Orc:2:    st_orc_open, layout_diamond_mine
Elf:1:    eino_elf_arrival_altar, layout_onion_city, serial_shops,
          nicolae_lakefront_shop, kennysheep_underground_church, door_vault,
          uniq_roxanne
Elf:2:    elven_hall_of_blades_hangedman_original
          [nicolae_vaults_blade_armed_guards], layout_onion_city, serial_glass,
          glass_columns_b, glass_columns_b, glass_columns_a, glass_columns_c,
          glass_columns_a, glass_columns_a, uniq_donald
Elf:3:    minmay_elf_hall_furrowed, layout_loops_cross,
          minmay_misc_feat_columns, statue_in_the_mist_lemuel, uniq_louise
Vaults:1: grunt_vaults_twisty, hangedman_vaults_river_flow,
          nicolae_vaults_windows_and_doors_thing, grunt_vaults_trifunnel,
          nicolae_vaults_little_squares_6, vaults_dpeg_cross, v_misc_3,
          vaults_room_stairs_pillars, nicolae_vaults_little_squares_1,
          layout_vaults_maze_snakey
Vaults:2: v_misc_29, vaults_mumra_chevron, v_rooms_5,
          nicolae_vaults_circle_grid_b, nicolae_vaults_big_angled_halls,
          vaults_mumra_hex, vaults_room_grid, nicolae_vaults_hallways_thing,
          vaults_room_pools, v_misc_31, vaults_room_door_ring, v_alt_pattern_1,
          layout_vaults_omnibox, serial_shops, nicolae_shop_hallway_plus
Vaults:3: grunt_vaults_hallway_long, v_alt_pattern_2, hangedman_vaults_nails,
          ontoclasm_vaults_ligature, v_pattern_4, minmay_crypt_entry_simple_box,
          v_alt_pattern_5, ontoclasm_vaults_spin,
          nicolae_vaults_little_squares_6, ontoclasm_vaults_chip,
          grunt_vaults_hallway_short, nicolae_vaults_asterisk,
          layout_vaults_ring, serial_shops, nicolae_square_shop
Vaults:4: dpeg_vaults_monster_box, v_rooms_2, st_quartered_hall,
          nicolae_vaults_three_branches, hangedman_vaults_nails,
          nicolae_vaults_yaktaur_gun_rack, v_alt_pattern_2, vaults_room_pools,
          vaults_dpeg_encased_lava, layout_vaults_big_room, serial_shops,
          nicolae_diamond_shop, nicolae_shop_stone, shop, shop

Skill      XL: |  1  2  3  4  5  6  7  8  9 10 11 12 13 14 15 16 17 18 19 20 |
---------------+-------------------------------------------------------------+-----
Spellcasting   | 2 3 4 5 6 7 8 9 10 12 13 14 | 14.9
Conjurations   | 4 5 6 7 8 |  8.6
Fighting       | 1 2 3 4 5 6 8 9 10 11 13 14 | 14.1
Long Blades    | 1 |  1.0
Hexes          | 1 2 3 4 6 |  6.2
Staves         | 1 2 5 7 |  7.0
Evocations     | 1 2 3 4 5 7 9 10 11 12 14 | 14.7
Air Magic      | 1 2 5 6 7 |  7.3
Poison Magic   | 1 7 8 11 | 11.0
Ice Magic      | 2 4 5 7 8 10 12 14 15 | 15.7
Dodging        | 4 5 6 7 8 10 11 | 11.4
Armour         | 4 5 7 8 |  8.7
Translocations | 2 3 |  3.8
Earth Magic    | 4 5 8 |  8.5
Shields        | 2 |  2.5
Transmutations | 2 5 |  5.5
Stealth        | 2 4 |  4.7

Action                   |  1- 3 |  4- 6 |  7- 9 | 10-12 | 13-15 | 16-18 | 19-21 || total
-------------------------+-------+-------+-------+-------+-------+-------+-------++-------
Melee: Falchion          |     9 |       |       |       |       |       |       ||     9
       Dagger            |     2 |       |       |       |       |       |       ||     2
       Quarterstaff      |     4 |   122 |   130 |   141 |   127 |       |       ||   524
       Staff             |       |       |       |       |   610 |   209 |    97 ||   916
       Punch             |       |       |       |       |     7 |       |       ||     7
 Cast: Magic Dart        |    49 |    11 |    12 |    13 |    19 |     2 |       ||   106
       Searing Ray       |     6 |    28 |    71 |    92 |    76 |    11 |       ||   284
       Mephitic Cloud    |       |       |     2 |     4 |     4 |     1 |       ||    11
       Fulminant Prism   |       |       |     9 |    32 |    29 |     6 |       ||    76
       Freezing Cloud    |       |       |     7 |    62 |   280 |   173 |     6 ||   528
       Iskenderun's Myst |       |       |       |    29 |   101 |   120 |    15 ||   265
       Dazzling Flash    |       |       |       |     2 |       |       |       ||     2
       Blink             |       |       |       |       |    15 |     3 |     2 ||    20
       Ozocubu's Refrige |       |       |       |       |       |   149 |   292 ||   441
       Iron Shot         |       |       |       |       |       |   118 |    63 ||   181
       Swiftness         |       |       |       |       |       |     1 |       ||     1
       Alistair's Intoxi |       |       |       |       |       |    22 |     9 ||    31
Evoke: Wand              |       |     1 |     2 |       |    22 |     9 |     1 ||    35
       Lightning rod     |       |       |       |       |       |     2 |       ||     2
  Use: Scroll            |       |    11 |     6 |     8 |    16 |    14 |     5 ||    60
       Potion            |       |     1 |     2 |     6 |    20 |    10 |       ||    39
 Stab: Sleeping          |       |     1 |       |       |       |       |     1 ||     2
       Distracted        |       |       |       |       |     1 |       |       ||     1
Armor: Robe              |     8 |    24 |    58 |    78 |       |       |    60 ||   228
       Ring mail         |       |       |       |    48 |   552 |   200 |     1 ||   801
Dodge: Dodged            |    18 |    94 |   131 |   226 |   579 |   249 |   130 ||  1427
Block: Buckler           |       |       |       |       |    20 |       |       ||    20

Table legend: (Time is in decaauts)
 A = Elapsed time spent in this place.
 B = Non-inter-level travel time spent in this place.
 C = Inter-level travel time spent in this place.
 D = Time resting spent in this place.
 E = Time spent auto-exploring this place.
 F = Levels seen in this place.
 G = Mean time per level.
                   A        B        C        D        E       F      G
               +--------+--------+--------+--------+--------+-----+--------+
         Total |  81637 |  75568 |   6069 |  35510 |  26273 |  38 | 2148.3 |
       Dungeon |  23423 |  21442 |   1981 |   8519 |   9469 |  14 | 1673.1 |
          Lair |  13926 |  13188 |    738 |   6034 |   4803 |   6 | 2321.0 |
         Swamp |   6862 |   6557 |    305 |   3745 |   1485 |   4 | 1715.5 |
     Snake Pit |  11761 |  11141 |    620 |   6682 |   2154 |   4 | 2940.2 |
  Orcish Mines |   3575 |   3293 |    282 |   1204 |   1183 |   2 | 1787.5 |
   Elven Halls |  12414 |  10755 |   1659 |   5326 |   3439 |   3 | 4138.0 |
        Vaults |   8797 |   8316 |    481 |   3462 |   3569 |   4 | 2199.2 |
       Volcano |    877 |    877 |      0 |    535 |    169 |   1 |  877.0 |
               +--------+--------+--------+--------+--------+-----+--------+

Top non-repeatable levels by time:
   Elf:3: 5620 daAuts
 Snake:4: 4801 daAuts
  Lair:6: 4383 daAuts
   Elf:1: 3719 daAuts
  Lair:4: 3452 daAuts
   Elf:2: 3074 daAuts
 Snake:1: 2716 daAuts
     D:5: 2610 daAuts
 Swamp:3: 2535 daAuts
    D:11: 2475 daAuts
Vaults:2: 2475 daAuts
 Snake:3: 2441 daAuts
Vaults:3: 2148 daAuts
    D:12: 2106 daAuts
Vaults:1: 2096 daAuts
